 Dungeon Crawl Stone Soup version 0.20-a0-1089-g3fde505 (webtiles) character file.

1963 Alarkh the Cleaver (level 9, 63/63 HPs)
             Began as a Demonspawn Berserker on May 3, 2017.
             Was a Priest of Trog.
             Got out of the dungeon alive.
             The game lasted 00:06:04 (6909 turns).

Alarkh the Cleaver (Demonspawn Berserker)           Turns: 6909, Time: 00:06:05

Health: 63/63      AC:  3    Str: 18    XL:     9   Next: 0%
Magic:  9/9        EV: 12    Int: 11    God:    Trog [***...]
Gold:   208        SH:  0    Dex: 13    Spells: 8/8 levels left

rFire    . . .     SeeInvis +   a - +0 war axe
rCold    . . .     Gourm    .   (no shield)
rNeg     . . .     Faith    .   q - +0 leather armour
rPois    .         Spirit   .   (helmet restricted)
rElec    .         Reflect  .   (no cloak)
rCorr    .         Harm     .   (no gloves)
MR       +....                  (no boots)
Stlth    ++........             (no amulet)
Regen    0.2/turn               z - ring of protection from magic
MPRegen  0.2/turn               r - ring of see invisible

@: no status effects
A: horns 1, nightstalker 1, spiny 2
a: Berserk, Trog's Hand, Burn Spellbooks, Renounce Religion


You escaped.
You worshipped Trog.
Trog was most pleased with you.
You were not hungry.

You visited 2 branches of the dungeon, and saw 8 of its levels.

You collected 208 gold pieces.

Inventory:

Hand Weapons
 a - a +0 war axe (weapon)
 d - a +0 hand axe
Armour
 b - a +0 animal skin
 i - a +0 ring mail
 q - a +0 leather armour (worn)
 y - a +0 helmet
Magical Staves
 x - an uncursed staff of poison
Jewellery
 k - a +3 ring of intelligence
 n - an uncursed ring of positive energy
 r - a ring of see invisible (right hand)
 z - a ring of protection from magic (left hand)
 C - an uncursed ring of stealth
 H - an uncursed amulet of regeneration {unknown}
Wands
 D - a wand of digging (8/24)
 E - a wand of acid (6/15)
Scrolls
 e - a scroll of identify
 l - 5 scrolls of teleportation {unknown}
 o - 2 scrolls of amnesia {unknown}
 p - 3 scrolls of immolation {unknown}
 s - a scroll of blinking {unknown}
 w - a scroll of noise
 A - a scroll of magic mapping {unknown}
 B - a scroll of enchant armour {unknown}
 F - a scroll of remove curse
Potions
 f - 2 potions of flight
 h - 2 potions of berserk rage
 j - 2 potions of mutation
 t - 2 potions of agility
 v - 2 potions of heal wounds
 G - a potion of magic
Comestibles
 c - 3 bread rations
 g - 7 meat rations
 m - 12 fruits
 u - 3 royal jellies


   Skills:
 - Level 3.0 Fighting
 + Level 11.0 Axes
 - Level 1.7 Armour
 - Level 1.7 Dodging


You had 8 spell levels left.
You didn't know any spells.

Dungeon Overview and Level Annotations

Branches:
Dungeon (7/15)             Temple (1/1) D:5

Altars:
Ashenzari
Cheibriados
Dithmenos
Elyvilon
Fedhas
Gozag
Hepliaklqana
Kikubaaqudgha
Nemelex Xobeh
Okawaru
Qazlal
Ru
Sif Muna
Trog
Uskayaw
Vehumet
Wu Jian
Xom
The Shining One


Innate Abilities, Weirdness & Mutations

You have a pair of small horns on your head.
You are slightly more attuned to the shadows.
You are mostly covered in sharp spines.


Message History

No target in view!
No target in view!
No target in view!
No target in view!
No target in view!
No target in view!
No target in view!
No target in view!
No target in view!
No target in view!
No target in view!
No target in view!
No target in view!
No target in view!
(D) Dungeon (T) Temple
Where to? (Enter - D:1 @ (x,y), ? - help) HP restored.
There is a staircase leading out of the dungeon here.
Are you sure you want to leave the Dungeon?
This will make you lose the game!
You have escaped!

#..........................
#.....................#....
#######......................(...
............................####.
#########...#..............(.....
######.............####..
#......#.....## ##.
#..########### #. #..@# #. ##.##
#. ### ##


There were no monsters in sight!

Vanquished Creatures
  Joseph (D:7)
  Menkaure (D:4)
  2 ice beasts
  3 ogres
  3 centaurs
  A scorpion (D:5)
  4 wights (D:6)
  A howler monkey (D:5)
  A centaur zombie (D:6)
  2 crimson imps (D:5)
  A hound (D:5)
  A quasit (D:5)
  2 bullfrog skeletons (D:5)
  An orc wizard (D:6)
  An iguana (D:5)
  Terence (D:3)
  3 worker ants
  A hound zombie (D:5)
  The ghost of Goblin1989 the Sneak, a weakling SpAs (D:6)
  A hound skeleton (D:4)
  2 worker ant zombies
  6 adders
  3 oozes
  2 worms
  2 dart slugs
  8 leopard geckos
  14 orcs
  7 bats
  4 giant cockroaches
  7 hobgoblins
  4 jackals (D:5)
  3 quokkas
  A ball python (D:1)
  8 frilled lizards
  3 goblins
  7 kobolds
  5 rats
118 creatures vanquished.

Notes
Turn   | Place    | Note
-------+----------+-------------------------------------------
     0 | D:1      | Alarkh the Demonspawn Berserker began the quest for the Orb.
     0 | D:1      | Reached XP level 1. HP: 18/18 MP: 1/1
    34 | D:1      | Reached skill level 3 in Axes
   208 | D:1      | Gained mutation: You are slightly more attuned to the shadows. [demonic ancestry]
   208 | D:1      | Reached XP level 2. HP: 14/24 MP: 2/2
   803 | D:2      | Reached XP level 3. HP: 26/29 MP: 3/3
   831 | D:2      | Found a stormy altar of Qazlal.
   832 | D:2      | Noticed a water elemental
   832 | D:2      | Noticed an air elemental
   834 | D:2      | Noticed an earth elemental
   834 | D:2      | Noticed a fire elemental
  1105 | D:2      | Reached skill level 4 in Axes
  1465 | D:3      | Reached ** piety under Trog
  1551 | D:3      | Reached XP level 4. HP: 29/35 MP: 4/4
  1657 | D:3      | Noticed an ogre
  1664 | D:3      | Killed an ogre
  1664 | D:3      | Reached skill level 5 in Axes
  1664 | D:3      | Gained mutation: You are partially covered in sharp spines. [demonic ancestry]
  1664 | D:3      | Reached XP level 5. HP: 41/41 MP: 5/5
  1813 | D:3      | Noticed Terence
  1827 | D:3      | Killed Terence
  2017 | D:3      | Found a hide-covered altar of Uskayaw.
  2024 | D:3      | Noticed a dagger
  2025 | D:3      | Noticed a hand axe
  2830 | D:4      | Found a white marble altar of Elyvilon.
  2841 | D:4      | Noticed Menkaure
  2850 | D:4      | Reached skill level 6 in Axes
  2851 | D:4      | HP: 3/61 [Menkaure (17)]
  2853 | D:4      | Killed Menkaure
  2853 | D:4      | Reached XP level 6. HP: 4/47 MP: 6/6
  3693 | D:5      | Entered Level 5 of the Dungeon
  3866 | D:5      | Found a staircase to the Ecumenical Temple.
  3984 | Temple   | Entered the Ecumenical Temple
  4460 | D:5      | Reached skill level 7 in Axes
  4512 | D:5      | Reached XP level 7. HP: 52/52 MP: 7/7
  4521 | D:5      | Reached *** piety under Trog
  4572 | D:5      | Reached skill level 8 in Axes
  5271 | D:6      | Reached skill level 9 in Axes
  5271 | D:6      | Gained mutation: You have a pair of small horns on your head. [demonic ancestry]
  5271 | D:6      | Reached XP level 8. HP: 58/58 MP: 8/8
  5940 | D:6      | Reached skill level 10 in Axes
  6092 | D:6      | Noticed Goblin1989's ghost (weakling SpAs)
  6099 | D:6      | Killed Goblin1989's ghost
  6564 | D:7      | Noticed Joseph
  6573 | D:7      | Killed Joseph
  6573 | D:7      | Reached skill level 11 in Axes
  6573 | D:7      | Gained mutation: You are mostly covered in sharp spines. [demonic ancestry]
  6573 | D:7      | Reached XP level 9. HP: 6/63 MP: 9/9
  6909 | D:$      | Got out of the dungeon alive.

Vault maps used:
D:1:      saegor_arrival_simple_a
D:2:      nicolae_qazlal_style_of_elements
D:3:      dancing_weapons_uskayaw, uniq_terence
D:4:      elyvilon_altar_3, uniq_menkaure
D:5:      minmay_temple_entry_junction, first_bread, minmay_joined_circles
D:7:      marbit_many_paths, makhleb_altar_promises_db, the_bakery, uniq_joseph
Temple:   eino_temple_scatter_basement

Skill      XL: |  1  2  3  4  5  6  7  8 |
---------------+-------------------------+-----
Axes           | 3 4 5 6 7 9 11 | 11.0
Fighting       | |  3.0
Armour         | |  1.7
Dodging        | |  1.7

Action                   |  1- 3 |  4- 6 |  7- 9 || total
-------------------------+-------+-------+-------++-------
Melee: Hand axe          |   114 |   114 |    94 ||   322
       War axe           |       |       |    28 ||    28
       Headbutt          |       |       |    11 ||    11
Invok: Berserk           |     1 |     3 |     8 ||    12
       Trog's Hand       |       |       |     1 ||     1
  Use: Scroll            |     3 |     1 |     7 ||    11
 Stab: Sleeping          |     3 |     5 |     3 ||    11
  Eat: Chunk             |     3 |    11 |    16 ||    30
       Fruit             |       |       |     1 ||     1
Armor: Animal skin       |     4 |       |       ||     4
       Ring mail         |    38 |       |       ||    38
       Leather armour    |       |    19 |    10 ||    29
Dodge: Dodged            |    92 |    54 |    65 ||   211
